 Dungeon Crawl Stone Soup version 0.32-a0-616-g9348d4545b (webtiles) character file.

Game seed: 1222029885625943488

25671 pokeman the Eclecticist (level 12, 0/68 HPs)
             Began as a Deep Elf Hedge Wizard on Mar 5, 2024.
             Was a Believer of Vehumet.
             Slain by a vault guard
             ... wielding a +0 dire flail
              (20 damage)
             ... on level 13 of the Dungeon.
             The game lasted 00:29:19 (14799 turns).

pokeman the Eclecticist (Deep Elf Hedge Wizard)    Turns: 14799, Time: 00:29:19

Health: 0/68       AC:  9    Str:  7    XL:     12   Next: 91%
Magic:  36/44      EV: 13    Int: 31    God:    Vehumet [**....]
Gold:   659        SH:  0    Dex: 14    Spells: 25/46 levels left

rFire   . . .        J - +6 shillelagh "Devastator" {shatter}
rCold   . . .        (no shield)
rNeg    . . .        I - +0 steam dragon scales
rPois   .            c - +0 hat
rElec   .            (no cloak)
rCorr   .            C - +2 pair of gloves
SInv    .            (no boots)
Will    +....        V - amulet of magic regeneration
Stlth   ++           g - +6 ring of intelligence
HPRegen 0.31/turn    b - ring of magical power
MPRegen 0.69/turn

%: no passive effects
@: on blink cooldown
A: no striking features
a: Renounce Religion


You were on level 13 of the Dungeon.
You worshipped Vehumet.
Vehumet was pleased with you.
You visited 2 branches of the dungeon, and saw 16 of its levels.

You collected 890 gold pieces.
You spent 231 gold pieces at shops.

Inventory:

Hand Weapons
 J - the +6 shillelagh "Devastator" (weapon) {shatter}
   (You found it on level 8 of the Dungeon)
 Q - a +3 spear of venom
Armour
 c - a +0 hat (worn)
 i - a +0 leather armour of fire resistance
 A - a +2 buckler
 C - a +2 pair of gloves (worn)
 I - +0 steam dragon scales (worn)
 K - a +1 robe of cold resistance
 T - +0 ice dragon scales
Magical Staves
 F - a staff of air
 P - a staff of conjuration
Jewellery
 b - a ring of magical power (right hand)
 g - a +6 ring of intelligence (left hand)
 o - a +6 ring of dexterity
 t - an amulet of regeneration
 x - a +6 ring of intelligence
 H - a ring of fire
 V - an amulet of magic regeneration (around neck)
 W - a +6 ring of strength
Wands
 a - a wand of roots (18)
 v - a wand of polymorph (23)
 S - a wand of mindburst (3)
 U - a wand of flame (9)
 X - a wand of digging (9)
Scrolls
 e - 3 scrolls of fear
 j - 6 scrolls of teleportation
 k - 2 scrolls of fog {unknown}
 p - 2 scrolls of vulnerability {unknown}
 r - a scroll of enchant weapon {unknown}
 s - a scroll of noise {unknown}
 w - a scroll of immolation {unknown}
 y - a scroll of torment {unknown}
 D - a scroll of poison {unknown}
 E - 3 scrolls of blinking {unknown}
 L - 2 scrolls of amnesia {unknown}
 N - 2 scrolls of acquirement {unknown}
 R - a scroll of revelation
Potions
 d - 4 potions of magic
 f - 2 potions of haste
 h - 7 potions of mutation
 l - 3 potions of attraction
 m - 5 potions of heal wounds
 n - 3 potions of resistance
 q - 2 potions of enlightenment
 u - 2 potions of brilliance
 B - a potion of curing
 G - 2 potions of lignification {unknown}
 M - a potion of ambrosia {unknown}
 O - a potion of might {unknown}
Miscellaneous
 z - a lightning rod (4/4)


   Skills:
 - Level 5.0 Fighting
 - Level 5.0 Armour
 - Level 3.0 Dodging
 - Level 3.0 Stealth
 + Level 3.7 Shields
 * Level 17.9 Spellcasting
 + Level 10.9 Conjurations
 - Level 2.0 Summonings
 - Level 2.0 Translocations
 + Level 9.1 Ice Magic
 - Level 1.0 Air Magic
 - Level 5.1 Earth Magic
 - Level 1.0 Alchemy
 - Level 1.0 Evocations


You had 25 spell levels left.
You knew the following spells:

 Your Spells              Type           Power      Damage    Failure   Level
a - Magic Dart            Conj           100%       1d8       0%          1
b - Mephitic Cloud        Conj/Alch/Air  53%        N/A       1%          3
c - Call Imp              Summ           80%        N/A       1%          2
d - Blink                 Tloc           80%        N/A       1%          2
e - Stone Arrow           Conj/Erth      100%       3d13      1%          3
f - Ozocubu's Armour      Ice            71%        N/A       1%          3
g - Ozocubu's Refrigerat  Ice            35%        4d15      28%         7

Your spell library contained the following spells:

 Spells                   Type           Power      Damage    Failure   Level
 Momentum Strike          Conj/Tloc      100%       3d10      1%          2
 Apportation              Tloc           80%        N/A       1%          1
 Freeze                   Ice            100%       1d10      1%          1
 Necrotise                Necr           100%       1d9       1%          1
 Sandblast                Erth           100%       2d20      1%          1
 Slow                     Hex            100%       N/A       1%          1
 Sting                    Conj/Alch      100%       1d9       1%          1
 Summon Small Mammal      Summ           100%       N/A       1%          1
 Cigotuvi's Dreadful Rot  Necr/Alch/Air  62%        N/A       1%          2
 Searing Ray              Conj           100%       2d8       1%          2
 Dazzling Flash           Conj/Hex       100%       N/A       1%          3
 Passwall                 Erth           56%        N/A       1%          3
 Brom's Barrelling Bould  Conj/Erth      67%        2d8       1%          4
 Flame Wave               Conj/Fire      58%        2d14      1%          4
 Fugue of the Fallen      Necr           27%        N/A       4%          3
 Inner Flame              Hex/Fire       27%        N/A       4%          3
 Manifold Assault         Tloc           40%        N/A       6%          4
 Sticky Flame             Fire/Alch      30%        2d7       12%         4
 Summon Forest            Summ/Tloc      20%        N/A       19%         5
 Summon Mana Viper        Hex/Summ       34%        N/A       26%         5
 Sculpt Simulacrum        Ice/Alch       28%        N/A       28%         6
 Silence                  Hex/Air        15%        N/A       32%         5
 Curse of Agony           Necr           27%        N/A       38%         5
 Summon Cactus Giant      Summ           20%        N/A       69%         6
 Lehudib's Crystal Spear  Conj/Erth      33%        10d9      98%         8
 Polar Vortex             Ice            35%        12d4*     100%        9


Dungeon Overview and Level Annotations

Branches:
Dungeon (15/15)            Temple (1/1) D:7            Lair (0/5) D:8
    Orc (0/2) D:12
 Vaults: D:13-14     Depths: D:15

Altars:
Ashenzari
Cheibriados
Dithmenos
Elyvilon
Fedhas
Gozag
Hepliaklqana
Kikubaaqudgha
Makhleb
Nemelex Xobeh
Okawaru
Qazlal
Ru
Sif Muna
Trog
Uskayaw
Vehumet
Wu Jian
Xom
Yredelemnul
Zin
The Shining One

Shops:
D:5 :   D:11 ?   D:14 ?

Annotations:
D:10 Loot behind rock, exclusion: 2 ice statues
D:11 3 runed translucent doors, DiddlyDoom's ghost, journeyman MiBe


Message History

Something hits you!
The arcanist is engulfed in noxious fumes.
The arcanist appears confused.
The human is engulfed in noxious fumes.
The human appears confused.
Unknown command.
The vault guard seems less confused.
The vault guard is engulfed in noxious fumes.
The human falls into the water!
The human drowns.
Vehumet accepts your kill.
You feel your power returning.
You hear a splash. x3
The vault guard is engulfed in noxious fumes.
The vault guard throws a throwing net.
The throwing net hits you.
You become entangled in the net!
Things that are here:
a throwing net; a shapeshifter skeleton You struggle against the net.
The vault guard is engulfed in noxious fumes.
You struggle against the net.
Something hits you!
You struggle against the net.
Something hits you!
* * * LOW HITPOINT WARNING * * *
The vault guard is engulfed in noxious fumes.
Unknown command.
Casting: Mephitic Cloud (safe; 1% risk of failure)
Confirm with . or Enter, or press ? or * to list all spells.
You blink.
Splash!
You fall into the shallow water.
Moving in this stuff is going to be slow.
The vault guard is engulfed in noxious fumes.
The vault guard appears confused.
The vault guard falls into the water!
The vault guard drowns.
Vehumet accepts your kill.
You hear a splash. x3
Unknown command.
The vault guard is engulfed in noxious fumes.
The vault guard attacks as it pursues you!
The vault guard hits you with a +0 dire flail!!
You die...

#######.....#...##....#
'.<..##.....#...##....#
#....##.....#...##....#
#....##.....'...##....#
#....##.....#...##....# ###
###+###.....#.........#####+###..
......#.....#....................
......##.........p☼..............
.####...~~~~....@☼○○{............
.......~≈≈≈≈~p..~~≈≈≈~§..........
......~≈≈≈≈≈~..○~≈≈§≈≈~..........
......≈≈≈≈≈≈~..)~≈°☼§≈≈.....#....
.....###..###''°###.○###...<#....
.....##...# #...# #...##.........
.....##...# #...# #...##.........
#######...# #...# #...###########
#.#.# ##'##


You could see a vault guard and an arcanist (fast, confused).

Vanquished Creatures
  2 vault guards (D:13)
  2 centaur warriors
  4 boulder beetles
  7 two-headed ogres
  Urug (D:12)
  A deep elf knight (D:13)
  4 skeletal warriors (D:14)
  A deep elf archer (D:13)
  Pikel (D:3)
  An ugly thing (D:11)
  2 cyclopes
  A manticore (D:13)
  Maurice (D:8)
  4 gargoyles
  Maggie (D:8)
  A yaktaur (D:13)
  2 komodo dragons (D:8)
  A kobold demonologist (D:13)
  2 efreet (D:14)
  2 trolls
  4 shadows
  A ynoxinul (D:9)
  Sigmund (D:5)
  A vampire (D:11)
  9 yaks
  A human (shapeshifter) (D:13)
  A steam dragon (D:8)
  A human (D:13)
  3 vampire mosquitoes
  Edmund (D:4)
  A water moccasin (D:7)
  2 acid dragons
  2 orc warriors
  2 sky beasts (D:8)
  An ogre (D:5)
  A centaur (shapeshifter) (D:13)
  9 centaurs
  3 lemures (D:3)
  2 phantoms
  2 kobold brigands
  5 bullfrogs
  2 gnoll sergeants
  4 scorpions
  8 wights
  7 howler monkeys
  3 jellies
  4 bombardier beetles
  4 hounds
  A gnoll bouda (D:5)
  4 orc priests
  A sleepcap (D:5)
  8 orc wizards
  11 gnolls
  5 adders
  2 shadow imps
  3 ribbon worms
  3 dart slugs
  39 orcs
  5 bats
  10 endoplasms
  9 giant cockroaches
  3 goblins
  10 hobgoblins
  15 kobolds
  5 quokkas
  9 ball pythons
  7 frilled lizards
  6 rats
282 creatures vanquished.

Notes
Turn   | Place    | Note
-------+----------+-------------------------------------------
     0 | D:1      | pokeman the Deep Elf Hedge Wizard began the quest for the
                  | Orb.
     0 | D:1      | Reached XP level 1. HP: 10/10 MP: 7/7
   241 | D:1      | Reached XP level 2. HP: 15/15 MP: 9/9
   841 | D:1      | Reached XP level 3. HP: 19/19 MP: 6/11
   851 | D:1      | Learned a level 3 spell: Mephitic Cloud
   854 | D:1      | Learned a level 2 spell: Call Imp
   857 | D:1      | Learned a level 2 spell: Blink
  1804 | D:2      | Reached XP level 4. HP: 24/24 MP: 7/12
  2429 | D:3      | Noticed a scorpion
  2454 | D:3      | Killed a scorpion
  2455 | D:3      | Reached skill level 1 in Fighting
  2455 | D:3      | Reached skill level 5 in Spellcasting
  2455 | D:3      | Reached XP level 5. HP: 29/29 MP: 6/14
  2555 | D:3      | Reached skill level 1 in Air Magic
  2614 | D:3      | Reached skill level 1 in Alchemy
  2709 | D:3      | Reached skill level 1 in Armour
  2975 | D:3      | Found a shadowy altar of Dithmenos.
  2984 | D:3      | Found a shimmering altar of Xom.
  3354 | D:3      | Found an iron altar of Okawaru.
  3354 | D:3      | Found a snail-covered altar of Cheibriados.
  3355 | D:3      | Found a white marble altar of Elyvilon.
  3568 | D:4      | Learned a level 3 spell: Stone Arrow
  3612 | D:4      | Noticed Edmund
  3664 | D:4      | Noticed Pikel
  3664 | D:4      | Noticed a lemure
  3664 | D:4      | Noticed a lemure
  3664 | D:4      | Noticed a lemure
  3683 | D:3      | Killed a lemure
  3685 | D:3      | Reached skill level 6 in Spellcasting
  3685 | D:3      | Reached XP level 6. HP: 24/34 MP: 9/17
  3920 | D:3      | Killed Pikel
  3921 | D:3      | Reached skill level 7 in Spellcasting
  3921 | D:3      | Reached XP level 7. HP: 10/38 MP: 0/20
  4253 | D:4      | Killed Edmund
  4254 | D:4      | Reached skill level 8 in Spellcasting
  4254 | D:4      | Reached skill level 1 in Evocations
  4914 | D:5      | Entered Level 5 of the Dungeon
  4932 | D:5      | Found Oxoi's Self-Published Books.
  5008 | D:5      | Reached XP level 8. HP: 44/44 MP: 20/22
  5422 | D:5      | Noticed Sigmund
  5428 | D:5      | Killed Sigmund
  5429 | D:5      | Reached skill level 9 in Spellcasting
  5533 | D:5      | Reached skill level 5 in Conjurations
  6805 | D:7      | Found a staircase to the Ecumenical Temple.
  6819 | D:7      | Got the Omnibus of Injury
  6822 | Temple   | Entered the Ecumenical Temple
  6829 | Temple   | Became a worshipper of Vehumet
  6863 | D:7      | Reached skill level 10 in Spellcasting
  6957 | D:7      | Reached XP level 9. HP: 50/50 MP: 12/25
  7198 | D:7      | Reached skill level 5 in Earth Magic
  7251 | D:7      | Learned a level 3 spell: Ozocubu's Armour
  7515 | D:8      | Noticed Maggie
  7520 | D:8      | Killed Maggie
  7521 | D:8      | Reached skill level 1 in Ice Magic
  7528 | D:7      | Reached skill level 11 in Spellcasting
  7652 | D:8      | Noticed a komodo dragon
  7745 | D:8      | Noticed a two-headed ogre
  7748 | D:8      | Killed a komodo dragon
  7748 | D:8      | Noticed a gargoyle
  7749 | D:8      | Noticed a two-headed ogre
  7917 | D:8      | Noticed a gargoyle
  7941 | D:8      | Killed a gargoyle
  7942 | D:8      | Reached skill level 12 in Spellcasting
  7977 | D:8      | Noticed a komodo dragon
  7978 | D:8      | Killed a komodo dragon
  7980 | D:8      | Noticed Maurice
  7986 | D:8      | Killed Maurice
  7987 | D:8      | Reached XP level 10. HP: 53/56 MP: 11/28
  7988 | D:8      | Killed a gargoyle
  8028 | D:8      | Reached * piety under Vehumet
  8028 | D:8      | Offered knowledge of Freeze by Vehumet.
  8187 | D:8      | Killed a two-headed ogre
  8188 | D:8      | Reached skill level 13 in Spellcasting
  8394 | D:8      | Killed a two-headed ogre
  8531 | D:8      | Found the +6 shillelagh "Devastator" {shatter}
  8558 | D:8      | Found a staircase to the Lair.
  8839 | D:9      | Reached skill level 5 in Ice Magic
  8901 | D:9      | Reached skill level 5 in Armour
  8929 | D:9      | Found a blossoming altar of Fedhas.
  9115 | D:9      | Found a bloodstained altar of Trog.
  9195 | D:9      | Found a shimmering blue altar of Sif Muna.
  9199 | D:9      | Got Sif Muna's Omnibus of Algid Assembling
  9571 | D:9      | Found a broken altar of Ashenzari.
  9646 | D:10     | Entered Level 10 of the Dungeon
  9661 | D:10     | Noticed a two-headed ogre
  9671 | D:10     | Killed a two-headed ogre
  9672 | D:10     | Reached skill level 14 in Spellcasting
  9832 | D:10     | Learned a level 7 spell: Ozocubu's Refrigeration
  9925 | D:10     | Reached XP level 11. HP: 60/60 MP: 31/31
 10314 | D:10     | Found a burning altar of Makhleb.
 10374 | D:10     | Noticed a two-headed ogre
 10379 | D:10     | Killed a two-headed ogre
 10711 | D:11     | Noticed a two-headed ogre
 10716 | D:11     | Killed a two-headed ogre
 10756 | D:11     | Found a runed translucent gate.
 10763 | D:11     | Noticed DiddlyDoom's ghost (journeyman MiBe)
 10764 | D:11     | Found a runed translucent gate.
 10765 | D:11     | Found a runed translucent gate.
 10876 | D:11     | Noticed a boulder beetle
 10886 | D:11     | Killed a boulder beetle
 11150 | D:11     | Reached skill level 15 in Spellcasting
 11322 | D:11     | Noticed a red ugly thing
 11329 | D:11     | Killed a red ugly thing
 11562 | D:11     | Found Seosoafuff's Magic Scroll Shop.
 11565 | D:11     | Bought a scroll of revelation for 105 gold pieces
 11565 | D:11     | Bought a scroll of teleportation for 42 gold pieces
 11565 | D:11     | Bought a scroll of identify for 28 gold pieces
 11565 | D:11     | Bought a scroll of identify for 28 gold pieces
 11565 | D:11     | Bought a scroll of identify for 28 gold pieces
 11982 | D:12     | Offered knowledge of Kiss of Death by Vehumet.
 11984 | D:12     | Reached ** piety under Vehumet
 12349 | D:12     | You fall into a shaft and drop 3 floors!
 12349 | D:15     | Entered Level 15 of the Dungeon
 12374 | D:14     | Noticed a centaur warrior
 12378 | D:14     | Killed a centaur warrior
 12494 | D:14     | Reached skill level 5 in Fighting
 12494 | D:14     | Reached skill level 16 in Spellcasting
 12521 | D:14     | Noticed a skeletal warrior
 12531 | D:14     | Killed a skeletal warrior
 12532 | D:14     | Reached XP level 12. HP: 68/68 MP: 28/34
 12591 | D:14     | Reached skill level 1 in Shields
 12830 | D:14     | Noticed an entropy weaver
 12831 | D:14     | Noticed a tengu warrior
 12859 | D:14     | Found Riadipt's Magic Scroll Shoppe.
 12948 | D:13     | Noticed a boulder beetle
 12971 | D:13     | Reached skill level 10 in Conjurations
 13148 | D:12     | Noticed a two-headed ogre
 13153 | D:12     | Killed a two-headed ogre
 13169 | D:12     | Noticed a two-headed ogre
 13176 | D:12     | Killed a two-headed ogre
 13387 | D:12     | Noticed a boulder beetle
 13402 | D:12     | Killed a boulder beetle
 13738 | D:12     | Noticed a boulder beetle
 13746 | D:12     | Killed a boulder beetle
 13747 | D:12     | Reached skill level 17 in Spellcasting
 13836 | D:12     | Found a staircase to the Orcish Mines.
 14053 | D:12     | Found a shimmering blue altar of Sif Muna.
 14128 | D:12     | Noticed Urug
 14139 | D:12     | Killed Urug
 14212 | D:13     | Offered knowledge of Momentum Strike by Vehumet.
 14219 | D:13     | Noticed a vault guard
 14261 | D:13     | Noticed a vault guard
 14270 | D:13     | Killed a vault guard
 14418 | D:13     | Identified the +0 plate armour "Numpioss" {rF++ Str+2
                  | Int+2}
 14434 | D:13     | Killed a boulder beetle
 14486 | D:13     | Noticed a centaur warrior
 14493 | D:13     | Killed a centaur warrior
 14774 | D:13     | Noticed an ogre mage
 14782 | D:13     | Noticed a vault guard
 14786 | D:13     | Paralysed by something for 2 turns
 14798 | D:13     | Killed a vault guard
 14799 | D:13     | Slain by a vault guard

Illustrated notes

Levels and vault maps discovered:
D:1:      heliophobic_arrival_glass_houses, layout_loops_ring
D:2:      layout_rooms
D:3:      minmay_inner_zag, layout_loops_ring, gammafunk_temple_overflow_claw,
          chequers_temple_overflow_statue_of_worship, serial_bayou,
          serial_bayou_pond_b, serial_bayou_crossing, serial_bayou_shore_a,
          serial_bayou_pond_e
D:4:      layout_rooms, serial_corexii_hall, corexii_hall_statues_x,
          chequers_hall_statues_corner_a, uniq_edmund, uniq_pikel
D:5:      layout_gridville, nicolae_custom_books, hangedman_decor_peaks_small,
          kennysheep_generic_room_13, uniq_sigmund
D:6:      layout_rooms
D:7:      layout_basic, minmay_temple_entry_offerings,
          hangedman_abyss_or_decor_stabs, minmay_splitting_lines
D:8:      layout_rooms, grunt_lair_entry_orc_guard_hut,
          dilly_guarded_unrand_devastator, uniq_maurice, uniq_maggie
D:9:      layout_basic, nzn_overflow_gifts_of_might_and_magic,
          lemuel_coloured_pillars_altar, mainiacjoe_overflow_brackets
D:10:     layout_basic, bloody_makhleb, serial_glass, glass_columns_a,
          glass_columns_a, glass_columns_a, glass_columns_a, glass_columns_b,
          glass_columns_c, glass_columns_c, glass_columns_b,
          due_unseen_surprise, david_greed
D:11:     layout_loops_ring, gammafunk_ghost_nasty_kobolds, serial_shops,
          nicolae_shop_rolled_up
D:12:     layout_stronghold, david_orc_3, solitary_fountain,
          hellmonk_sif_muna_bookshelves, uniq_urug
D:13:     layout_stronghold, grunt_vaults_entry_fortified, eino_tiny_chamber
D:14:     layout_loops_cross, gammafunk_ghost_wrathful_warriors, serial_shops,
          nicolae_stop_n_shop_2, minmay_fractal_squares_5, uniq_lodul
D:15:     hellmonk_depths_entry_around_the_bend, layout_stronghold,
          serial_shops, shop, trog_three_pillars_becter
Temple:   nicolae_temple_ecumenical_triangle

Skill      XL: |  1  2  3  4  5  6  7  8  9 10 11 12 |
---------------+-------------------------------------+-----
Stealth        | 3 |  3.0
Dodging        | 3 |  3.0
Conjurations   | 2 3 4 5 7 8 9 10 | 10.9
Translocations | 2 |  2.0
Summonings     | 2 |  2.0
Fighting       | 1 3 5 |  5.0
Spellcasting   | 5 6 7 8 10 12 14 16 17 | 17.9
Air Magic      | 1 |  1.0
Alchemy        | 1 |  1.0
Armour         | 1 2 4 5 |  5.0
Earth Magic    | 2 3 4 5 |  5.1
Evocations     | 1 |  1.0
Ice Magic      | 3 5 7 9 |  9.1
Shields        | 3 |  3.7

Action                     |  1- 3 |  4- 6 |  7- 9 | 10-12 || total
---------------------------+-------+-------+-------+-------++-------
  Melee: Dagger            |     8 |    61 |       |       ||    69
         Flail             |       |       |    11 |       ||    11
         Spear             |       |       |     9 |    23 ||    32
         Shillelagh        |       |       |       |    25 ||    25
   Cast: Magic Dart        |   111 |    83 |    69 |    17 ||   280
         Mephitic Cloud    |       |     8 |     4 |    20 ||    32
         Call Imp          |       |     2 |       |       ||     2
         Stone Arrow       |       |    11 |    87 |   218 ||   316
         Blink             |       |     2 |     1 |     4 ||     7
         Ozocubu's Armour  |       |       |     1 |       ||     1
    Use: Scroll            |       |       |       |    10 ||    10
   Stab: Sleeping          |     2 |     2 |     1 |       ||     5
         Confused          |       |     3 |       |     7 ||    10
 Armour: Robe              |     8 |    24 |    39 |    14 ||    85
         Steam dragon scal |       |       |       |    83 ||    83
  Dodge: Dodged            |    14 |    46 |    33 |    75 ||   168

Table legend: (Time is in decaauts)
 A = Elapsed time spent in this place.
 B = Non-inter-level travel time spent in this place.
 C = Inter-level travel time spent in this place.
 D = Time resting spent in this place.
 E = Time spent auto-exploring this place.
 F = Levels seen in this place.
 G = Mean time per level.
                   A        B        C        D        E       F      G
               +--------+--------+--------+--------+--------+-----+--------+
         Total |  14843 |  14329 |    514 |    936 |  11430 |  16 |  927.7 |
       Dungeon |  14831 |  14321 |    510 |    936 |  11430 |  15 |  988.7 |
        Temple |     12 |      8 |      4 |      0 |      0 |   1 |   12.0 |
               +--------+--------+--------+--------+--------+-----+--------+

Top non-repeatable levels by time:
     D:3: 1808 daAuts
    D:12: 1512 daAuts
     D:1: 1401 daAuts
     D:5: 1354 daAuts
    D:11: 1258 daAuts
     D:7: 1082 daAuts
    D:10: 1060 daAuts
     D:9: 1037 daAuts
     D:4: 963 daAuts
    D:13: 801 daAuts
     D:8: 798 daAuts
     D:2: 772 daAuts
     D:6: 452 daAuts
    D:14: 416 daAuts
    D:15: 110 daAuts
